 Dungeon Crawl Stone Soup version 0.23-a0-137-gef0ad6d (webtiles) character file.

77 CanOfBees the Slasher (level 4, -9/28 HPs)
             Began as a Tengu Berserker on Aug 29, 2018.
             Was a Believer of Trog.
             Splashed by a jelly's acid (10 damage)
             ... on level 2 of the Dungeon.
             The game lasted 00:03:30 (1826 turns).

CanOfBees the Slasher (Tengu Berserker)             Turns: 1826, Time: 00:03:31

Health: -9/28      AC: -6    Str: 18    XL:     4   Next: 33%
Magic:  5/5        EV: 12    Int:  7    God:    Trog [**....]
Gold:   94         SH:  0    Dex: 14    Spells: 3/3 levels left

rFire    . . .     SeeInvis .   a - +0 falchion
rCold    . . .     Gourm    .   (no shield)
rNeg     . . .     Faith    .   m - +0 ring mail
rPois    .         Spirit   .   (helmet restricted)
rElec    .         Reflect  .   (no cloak)
rCorr    .         Harm     .   (no gloves)
MR       .....                  (boots unavailable)
Stlth    +.........             (no amulet)
HPRegen  0.09/turn              (no ring)
MPRegen  0.09/turn              (no ring)

@: corroded
A: beak, talons 3
a: Berserk, Trog's Hand, Renounce Religion


You were on level 2 of the Dungeon.
You worshipped Trog.
Trog was pleased with you.
You were not hungry.

You visited 1 branch of the dungeon, and saw 2 of its levels.

You collected 94 gold pieces.

Inventory:

Hand Weapons
 a - a +0 falchion (weapon)
 o - a +0 short sword of holy wrath
Missiles
 e - 114 stones (quivered)
Armour
 k - a +0 chain mail
 m - a +0 ring mail (worn)
Scrolls
 f - 2 scrolls of blinking {unknown}
 h - 2 scrolls of identify {unknown}
 l - a scroll of fog {unknown}
Potions
 d - a potion of curing {unknown}
 g - a potion of degeneration {unknown}
 i - a potion of invisibility {unknown}
 j - a potion of lignification {unknown}
 n - 2 potions of magic {unknown}
Comestibles
 b - 6 chunks of flesh
 c - 3 rations


   Skills:
 + Level 3.5 Fighting
 + Level 4.0 Long Blades
 - Level 3.0 Armour
 + Level 3.1 Dodging


You had 3 spell levels left.
You didn't know any spells.
Your spell library was empty.

Dungeon Overview and Level Annotations

Branches:
Dungeon (2/15)

Altars:


Innate Abilities, Weirdness & Mutations

You have a beak for a mouth.
You have claws for feet.


Message History

The jelly is moderately wounded.
The jelly misses you.
You riposte.
You hit the jelly.
The jelly is moderately wounded.
You hit the jelly. The acid corrodes you!
Your hands burn!
You claw the jelly. You peck the jelly, but do no damage.
The jelly is severely wounded.
The jelly hits you.
You are splashed with acid!
The acid burns!
You hit the jelly.
Your hands burn!
You peck the jelly.
The jelly is almost dead.
The jelly hits you. The acid corrodes you!
You are splashed with acid!
The acid burns!
* * * LOW HITPOINT WARNING * * *
You hit the jelly but do no damage. The acid corrodes you!
Your hands burn!
* * * LOW HITPOINT WARNING * * *
You claw the jelly. You peck the jelly, but do no damage.
The jelly is almost dead.
The jelly hits you.
* * * LOW HITPOINT WARNING * * *
You are splashed with acid!
The acid burns!
You die...

#.......# ##
#.##....#
#....######
#.....)...#
#......##.###
#...........#
#..#####..#..##.
...# #........
#.## #@......#
#. #....J...##..
#....##......
#.... ###...
#.... ... #####
#.


You could see a jelly.

Vanquished Creatures
  A gnoll (D:1)
  An adder (D:2)
  An ooze (D:2)
  3 dart slugs
  2 leopard geckos (D:1)
  A ball python (D:1)
  A giant cockroach (D:1)
  7 goblins
  A hobgoblin (D:1)
  4 jackals (D:1)
  3 quokkas (D:2)
  3 bats (D:1)
  3 frilled lizards (D:1)
  8 kobolds
  6 rats
45 creatures vanquished.

Notes
Turn   | Place    | Note
-------+----------+-------------------------------------------
     0 | D:1      | CanOfBees the Tengu Berserker began the quest for the Orb.
     0 | D:1      | Reached XP level 1. HP: 14/14 MP: 2/2
    47 | D:1      | Reached XP level 2. HP: 8/19 MP: 3/3
   334 | D:1      | Reached XP level 3. HP: 12/23 MP: 4/4
   592 | D:1      | Reached ** piety under Trog
  1483 | D:2      | Reached XP level 4. HP: 21/28 MP: 5/5
  1487 | D:2      | Reached skill level 4 in Long Blades
  1826 | D:2      | HP: 1/28 [jelly (2)]
  1826 | D:2      | Splashed by a jelly's acid

Vault maps used:
D:1:      minmay_arrival_floating_metal
D:2:      minmay_tree_intersection

Skill      XL: |  1  2  3  4 |
---------------+-------------+-----
Dodging        | 3 |  3.1
Long Blades    | 4 |  4.0
Armour         | 3 |  3.0
Fighting       | |  3.5

Action                   |  1- 3 |  4- 6 || total
-------------------------+-------+-------++-------
Melee: Falchion          |    57 |    26 ||    83
       Kick              |    19 |     8 ||    27
       Peck              |     8 |     4 ||    12
Throw: Stone             |     2 |    15 ||    17
 Stab: Sleeping          |     1 |       ||     1
  Eat: Chunk             |     2 |     1 ||     3
Armor: Animal skin       |     8 |       ||     8
       Chain mail        |    16 |     5 ||    21
       Ring mail         |       |     4 ||     4
Dodge: Dodged            |    48 |    15 ||    63
       Rpst.: Falchion   |    23 |     4 ||    27

Table legend:
 A = Non-vault XP
 B = Vault XP
 C = Vault XP percentage of total XP
 D = Non-vault monster count
 E = Vault monster count
 F = Vault count percentage of total count
                 A         B        C        D         E       F
            +---------+---------+-------+---------+---------+-------
      Total |     110 |       0 |   0.0 |      45 |       0 |   0.0
            +---------+---------+-------+---------+---------+-------
        D:1 |      70 |       0 |   0.0 |      32 |       0 |   0.0
        D:2 |      40 |       0 |   0.0 |      13 |       0 |   0.0
            +---------+---------+-------+---------+---------+-------
